 Dungeon Crawl Stone Soup version 0.21-a0-78-g82a99e0 (webtiles) character file.

2828 KristoblXynda the Covert (level 9, -2/77 HPs)
             Began as a Naga Transmuter on June 21, 2017.
             Was an Initiate of Dithmenos.
             Slain by a black bear (4 damage)
             ... on level 7 of the Dungeon.
             The game lasted 00:19:39 (8250 turns).

KristoblXynda the Covert (Naga Transmuter)          Turns: 8250, Time: 00:19:40

Health: -2/77      AC: 11    Str: 14    XL:     9   Next: 73%
Magic:  12/12      EV: 12    Int: 15    God:    Dithmenos [......]
Gold:   280        SH:  0    Dex: 12    Spells: 8/12 levels left

rFire    . . .     SeeInvis +     - Unarmed
rCold    . . .     Gourm    .   (no shield)
rNeg     . . .     Faith    .   f - +1 robe {MR+}
rPois    +         Spirit   .   u - +2 helmet
rElec    .         Reflect  .   y - +0 cloak
rCorr    .         Harm     .   p - +1 pair of gloves
MR       ++...                  (no barding)
Stlth    ++++......             k - amulet of magic regeneration
HPRegen  0.22/turn              (no ring)
MPRegen  0.38/turn              (no ring)

@: berserk cooldown, very slow
A: repulsion field 1, see invisible, deformed body, poison resistance, robust 1,
slowness 2, slow metabolism 1, spit poison 2, subdued magic 1, AC +3
a: Breathe Poison Gas, Renounce Religion


You were on level 7 of the Dungeon.
You worshipped Dithmenos.
Dithmenos was noncommittal.
You were not hungry.

You visited 1 branch of the dungeon, and saw 7 of its levels.

You collected 280 gold pieces.

Inventory:

Hand Weapons
 o - a +1 short sword of electrocution
Missiles
 a - 61 arrows
Armour
 f - a +1 robe of magic resistance (worn)
 p - a +1 pair of gloves (worn)
 u - a +2 helmet (worn)
 y - a +0 cloak (worn)
Jewellery
 k - an amulet of magic regeneration (around neck)
Scrolls
 t - 4 scrolls of enchant armour
 w - a scroll of recharging
Potions
 g - a potion of resistance
 h - a potion of haste
 i - a potion of might
 l - 3 potions of brilliance
 r - a potion of flight {unknown}
Books
 c - a book of Changes

   Spells                             Type                      Level
   a - Beastly Appendage              Transmutation                1
   b - Sticks to Snakes               Transmutation                2
   c - Spider Form                    Transmutation/Poison         3
   d - Ice Form                       Ice/Transmutation            4
   e - Blade Hands                    Transmutation                5
 e - the Tome of Cold and Sinister Arts
   (You found it on level 5 of the Dungeon)

   Spells                             Type                      Level
   a - Ensorcelled Hibernation        Hexes/Ice                    2
   b - Ozocubu's Armour               Charms/Ice                   3
   c - Control Undead                 Necromancy                   4
   d - Dispel Undead                  Necromancy                   5
   e - Ozocubu's Refrigeration        Ice                          6
 n - a book of Frost

   Spells                             Type                      Level
   a - Freeze                         Ice                          1
   b - Throw Frost                    Conjuration/Ice              2
   c - Ozocubu's Armour               Charms/Ice                   3
   d - Throw Icicle                   Conjuration/Ice              4
   e - Summon Ice Beast               Ice/Summoning                4
Comestibles
 b - 5 chunks of flesh
 d - 5 bread rations
 x - 2 meat rations


   Skills:
 - Level 1.0 Fighting
 + Level 1.5 Short Blades
 - Level 4.1 Armour
 - Level 1.5 Dodging
 + Level 9.8 Stealth
 + Level 8.2 Unarmed Combat
 - Level 2.0 Spellcasting
 + Level 6.7 Transmutations


You had 8 spell levels left.
You knew the following spells:

 Your Spells              Type           Power        Failure   Level  Hunger
a - Beastly Appendage     Tmut           ###...       1%          1    #......
b - Spider Form           Tmut/Pois      #.........   14%         3    ###....


Dungeon Overview and Level Annotations

Branches:
Dungeon (7/15)             Temple (0/1) D:7

Altars:
Dithmenos

Annotations:
D:7 tstbtto's ghost, novice GnBe


Innate Abilities, Weirdness & Mutations

You cannot wear boots.
Your serpentine skin is tough. (AC +3)
You have supernaturally acute eyesight. (SInv)
Armour fits poorly on your strangely shaped body.
Your system is resistant to poisons. (rPois)
You cover ground very slowly.
You have a slow metabolism.
You can exhale a cloud of poison.
You are surrounded by a mild repulsion field. (EV +2)
You are robust. (+10% HP)
Your spells are a little easier to cast, but a little less powerful.


Message History

You fade into invisibility!
The black bear closely misses you. The black bear claws you.
* * * LOW HITPOINT WARNING * * *
The black bear claws you but does no damage.
You are very lightly contaminated with residual magic.
Unknown command.
The black bear bites you.
* * * LOW HITPOINT WARNING * * *
The black bear misses you.
The black bear claws you but does no damage.
Unknown command.
It was a potion of cancellation.
Your magical effects are unravelling.
You feel magically purged.
Your magical contamination has completely faded away.
You feel yourself speed up.
You flicker back into view.
The black bear misses you.
The black bear claws you but does no damage.
The black bear claws you.
You die...

#.....# . #.....#
..#.....# .'.....#
#.....# #....# ####
##....###+####...##
+....<@...........#
#......h.........##
#.....##..##.....#
#.....##..##.....#
'..........#.........
###.........#..........
#.....########...####
.......# ...# (......
....


You could see a black bear.

Vanquished Creatures
  Prince Ribbit (D:5)
  A hippogriff (D:7)
  A steam dragon (D:7)
  Duvessa (D:4)
  An ice beast (D:5)
  A sky beast (D:6)
  A phantom (D:6)
  3 ogres
  3 centaurs
  2 bullfrogs
  A big kobold (D:7)
  2 scorpions (D:7)
  Dowan (D:4)
  2 howler monkeys
  4 crimson imps
  A centaur zombie (D:5)
  A gnoll shaman (D:6)
  A jelly (D:6)
  An orc priest (D:5)
  2 bullfrog skeletons
  7 orc wizards
  A centaur skeleton (D:6)
  2 iguanas
  3 worker ants
  A hound skeleton (D:4)
  Robin (D:4)
  7 gnolls
  10 adders
  A shadow imp (D:5)
  3 oozes
  2 adder skeletons (D:4)
  5 dart slugs
  8 leopard geckos
  23 orcs
  7 giant cockroaches
  13 goblins
  8 hobgoblins
  12 jackals
  6 quokkas
  7 bats
  6 frilled lizards
  6 kobolds
  A leopard gecko skeleton (D:4)
  A quokka skeleton (D:4)
  6 rats
178 creatures vanquished.

Vanquished Creatures (others)
  An orc (D:7)
1 creature vanquished.

Grand Total: 179 creatures vanquished

Notes
Turn   | Place    | Note
-------+----------+-------------------------------------------
     0 | D:1      | KristoblXynda the Naga Transmuter began the quest for the Orb.
     0 | D:1      | Reached XP level 1. HP: 18/18 MP: 3/3
   288 | D:1      | Reached skill level 1 in Stealth
   509 | D:1      | Reached XP level 2. HP: 14/25 MP: 5/5
  1175 | D:1      | Reached XP level 3. HP: 26/31 MP: 6/6
  1352 | D:2      | Reached skill level 2 in Stealth
  2095 | D:2      | Reached XP level 4. HP: 38/38 MP: 7/7
  2458 | D:3      | Found a shadowy altar of Dithmenos.
  2647 | D:3      | Reached skill level 3 in Stealth
  2759 | D:3      | Reached XP level 5. HP: 30/44 MP: 8/8
  2768 | D:3      | Found a faded altar of an unknown god.
  3259 | D:4      | Noticed Robin
  3278 | D:4      | Killed Robin
  3412 | D:4      | Noticed an ogre
  3423 | D:4      | Noticed an ogre
  3428 | D:4      | Reached skill level 4 in Stealth
  3428 | D:4      | Reached skill level 5 in Unarmed Combat
  3428 | D:4      | Reached XP level 6. HP: 40/51 MP: 9/9
  3443 | D:4      | Noticed Dowan
  3444 | D:4      | Noticed Duvessa
  3867 | D:4      | Reached skill level 5 in Stealth
  3874 | D:4      | Gained mutation: Your movements are slightly less encumbered by armour. (ER -2) [potion of mutation]
  3964 | D:4      | Killed Dowan
  3964 | D:4      | Reached XP level 7. HP: 43/57 MP: 10/10
  4112 | D:4      | Lost mutation: Your movements are slightly less encumbered by armour. (ER -2) [potion of mutation]
  4112 | D:4      | Gained mutation: Your spells are a little easier to cast, but a little less powerful. [potion of mutation]
  4112 | D:4      | Gained mutation: You can exhale a cloud of poison. [potion of mutation]
  4112 | D:4      | Gained mutation: You can translocate small distances at will. [potion of mutation]
  4112 | D:4      | Gained mutation: You are agile. (Dex +2) [potion of mutation]
  4113 | D:4      | Lost mutation: You can translocate small distances at will. [potion of mutation]
  4113 | D:4      | Lost mutation: You are agile. (Dex +2) [potion of mutation]
  4113 | D:4      | Gained mutation: You are robust. (+10% HP) [potion of mutation]
  4113 | D:4      | Gained mutation: You are surrounded by a mild repulsion field. (EV +2) [potion of mutation]
  5095 | D:4      | Killed Duvessa
  5095 | D:4      | Reached skill level 1 in Armour
  5335 | D:4      | Reached skill level 6 in Stealth
  5619 | D:5      | Entered Level 5 of the Dungeon
  5646 | D:5      | Identified the Tome of Cold and Sinister Arts
  5782 | D:5      | Noticed Prince Ribbit
  5790 | D:5      | Killed Prince Ribbit
  5790 | D:5      | Reached skill level 7 in Stealth
  5790 | D:5      | Reached XP level 8. HP: 67/70 MP: 11/11
  5837 | D:5      | Reached skill level 5 in Transmutations
  6969 | D:5      | Reached skill level 8 in Stealth
  7080 | D:6      | Reached XP level 9. HP: 40/77 MP: 12/12
  7397 | D:6      | Reached skill level 9 in Stealth
  7412 | D:6      | Found a shadowy altar of Dithmenos.
  7449 | D:6      | Became a worshipper of Dithmenos the Shadowed
  7751 | D:7      | Found a staircase to the Ecumenical Temple.
  8164 | D:7      | Noticed tstbtto's ghost (novice GnBe)
  8179 | D:6      | Learned a level 3 spell: Spider Form
  8200 | D:7      | Reached skill level 1 in Short Blades
  8249 | D:7      | HP: 2/77 [black bear (5)]
  8250 | D:7      | Slain by a black bear

Vault maps used:
D:1:      mrwooster_arrival_statue, corexii_hall_statues_x, minmay_pentomino_u2
D:2:      minmay_joined_circles
D:3:      minmay_door_path, grunt_dithmenos_smoke,
          chequers_ecumenical_altar_island
D:4:      first_bread, patterned_corridor, uniq_robin, uniq_duvessa
D:5:      uniq_prince_ribbit1
D:6:      basic_altar
D:7:      minmay_temple_entry_statues_pillars

Skill      XL: |  1  2  3  4  5  6  7  8  9 |
---------------+----------------------------+-----
Stealth        | 1 2 3 4 5 7 8 9 |  9.8
Unarmed Combat | 4 5 6 7 8 |  8.2
Transmutations | 3 4 5 6 |  6.7
Armour         | 2 3 4 |  4.1
Short Blades   | 1 |  1.5
Fighting       | |  1.0
Dodging        | |  1.5
Spellcasting   | |  2.0

Action                   |  1- 3 |  4- 6 |  7- 9 || total
-------------------------+-------+-------+-------++-------
Melee: Unarmed           |   165 |   202 |   447 ||   814
       Punch             |     1 |     3 |     8 ||    12
 Abil: Spit Poison       |     8 |    15 |     1 ||    24
       Breathe Poison Ga |       |       |    16 ||    16
  Use: Scroll            |     6 |     7 |     6 ||    19
       Potion            |       |     4 |     7 ||    11
 Stab: Sleeping          |       |     4 |     8 ||    12
       Invisible         |       |     3 |       ||     3
  Eat: Chunk             |     1 |     2 |     7 ||    10
       Royal jelly       |     1 |       |     1 ||     2
       Bread ration      |       |     1 |       ||     1
       Meat ration       |       |       |     1 ||     1
Armor: Robe              |    43 |    79 |   184 ||   306
       Skin              |       |    67 |       ||    67
Dodge: Dodged            |    86 |    94 |   300 ||   480
